healhack, neutral female sylph Healer # ------- -------- -.------ -------------- |.....| |......|############...`...| |????.*"()..?| |.....+ |......-# |......| |"?(+(././?.!| |.....|# ----.---# |......| |[..(=[(.)+)!| |......################# #-......| |............| --.----### # # #|......| -----------|-- # ############## ## #-------- ###### # ### ---.---.--# ### # #############.........|# # ### # ###|........|# # # # #.>.......|# # ### # ----------# ---------# G # ###|........# -E----- ---|---- #........| |.r{..| #........#####%##############|.......| |..<...#########|......| --------- ------- -------- healhack the Empiric Experience level: 4 Strength: 11 Dexterity: 12 Constitution: 15 Intelligence: 8 Wisdom: 15 Charisma: 16 Health: 0(37) Energy: 30(32) Def: 0 Gold: 1695 Moves: 2550 Dungeon seed: VrH6xtfuCrCTTDIQ Game ID: healhack_1459044570 Your Inventory: Coins $ - 1695 gold pieces Amulets D - a blessed amulet of magical breathing (being worn) Weapons a - an uncursed +0 scalpel (weapon in hand) s - 51 uncursed +0 arrows w - 3 uncursed +0 orcish daggers E - an uncursed +0 dagger F - 15 uncursed +0 darts (in quiver) Armor e - an uncursed +1 pair of leather gloves n - an uncursed +0 alchemy smock z - an uncursed +0 dwarvish cloak (being worn) N - an uncursed +0 pair of high boots Comestibles j - 13 blessed eucalyptus leaves p - an uncursed pancake t - an uncursed tripe ration A - an uncursed carrot C - 7 uncursed food rations G - an uncursed cram ration Scrolls q - 2 uncursed scrolls of identify v - an uncursed scroll of food detection x - a cursed scroll of light J - an uncursed scroll of create monster Spellbooks g - a blessed spellbook of healing h - a blessed spellbook of extra healing i - a blessed spellbook of stone to flesh H - an uncursed spellbook of identify Potions c - 4 uncursed potions of healing d - 4 uncursed potions of extra healing l - an uncursed potion of gain energy r - an uncursed potion of water B - an uncursed potion of see invisible M - an uncursed potion of monster detection Wands f - an uncursed wand of sleep (0:6) Tools b - an uncursed stethoscope k - an uncursed skeleton key m - an uncursed magic harp (0:0) u - an uncursed leash y - an uncursed magic whistle O - an uncursed +0 pick-axe Spells and supernatural/magical abilities: Name Level Category Fail Memory h - healing 1 healing 15% 88% x - extra healing 3 healing 42% 88% S - stone to flesh 3 healing 54% 88% W - pray for help -- divine ? -- Your skills at the end: Miscellaneous Skills wands [Basic] Weapon Skills knife [Basic] Spellcasting Skills healing spells [Basic] Final Attributes: You were devoutly aligned. You were poison resistant. You saw invisible. You were stealthy. You could survive without air. You were protected from shape changers. You are dead. Vanquished creatures: a straw golem 3 giant ants a kitten a dwarf a homunculus an iguana a rothe a dwarf zombie 3 geckos a hobgoblin a giant rat a yellow mold 5 jackals a fox 2 newts 5 goblins 2 sewer rats 2 grid bugs 6 lichens 2 kobold zombies 41 creatures vanquished. Voluntary challenges: You followed a strict vegan diet. You used a wielded weapon 121 times, starting on turn 15. You did not use containers. You did not apply a unicorn horn. You read items or engraved 2 times, starting on turn 1758. You never genocided any monsters. You never polymorphed an object. You never changed form. You used no wishes. You never split a pudding. You wrote Elbereth's name 2 times, starting on turn 1758. You never violated your personal moral code. Dungeon overview: The Dungeons of Doom: levels 1 to 6 Level 1 a long staircase Level 2 a general store, some fountains, a sink Level 3 (grayswandir) <- You were here a general store, a fountain Level 4 Level 5 a general store, an altar to Hermes Level 6 History has recorded: On T:1 you entered the Dungeons of Doom to retrieve the Amulet of Yendor! On T:105 you advanced to experience level 2. On T:215 you reached level 2 of The Dungeons of Doom. On T:481 you advanced to experience level 3. On T:722 you reached level 3 of The Dungeons of Doom. On T:923 you reached level 4 of The Dungeons of Doom. On T:1213 you reached level 5 of The Dungeons of Doom. On T:1417 you reached level 6 of The Dungeons of Doom. On T:1729 you advanced to experience level 4. Score breakdown: Gold: 0 ( 0 points) Experience: 4 levels ( 300 points) Exploration: 6 levels ( 150 points) Discoveries: 3 items ( 150 points) Variety of kills: 20 monsters ( 1000 points) Major goal: (nothing yet) ( 0 points) Survival: died (score multiplied by 3) Total score: 4800 Latest messages: You bought a tripe ration for 12 gold pieces. "Thank you for shopping in Upernavik's general store!" H - an uncursed purple spellbook. You have a little trouble lifting r - an uncursed clear potion. You have a little trouble lifting B - an uncursed magenta potion. You have a little trouble lifting C - an uncursed key. You have a little trouble lifting u - an uncursed leash. You have a little trouble lifting y - an uncursed magic whistle. Your movements are slowed slightly because of your load. You hack the wererat. The wererat is moderately wounded. The wererat changes into a rat. The wererat claws you! You die... Final status: Goodbye healhack the Healer, killed by a wererat... You died in The Dungeons of Doom on dungeon level 3 with 4800 points, and 1695 pieces of gold, after 2550 moves. You were level 4 with a maximum of 37 hit points when you died.